 Dungeon Crawl Stone Soup version 0.30.1 (webtiles) character file.

Game seed: 8750100264744952451

3202 cdecastro the Basher (level 9, -3/93 HPs)
             Began as a Troll Fighter on July 12, 2023.
             Was an Initiate of the Shining One.
             Killed from afar by Erica (24 damage)
             ... with a bolt of poison
             ... on level 8 of the Dungeon.
             The game lasted 00:24:29 (7726 turns).

cdecastro the Basher (Troll Fighter)                Turns: 7726, Time: 00:24:29

Health: -3/93      AC:  5    Str: 29    XL:     9   Next: 65%
Magic:  8/8        EV: 10    Int:  4    God:    the Shining One [......]
Gold:   297        SH:  0    Dex: 13    Spells: 8/8 levels left

rFire   + . .        r - +0 whip (elec)
rCold   . . .        (no shield)
rNeg    + . .        H - +1 robe of Cowardice {Str+3}
rPois   .            (helmet restricted)
rElec   .            (no cloak)
rCorr   .            (gloves unavailable)
SInv    .            (boots unavailable)
Will    .....        (no amulet)
Stlth   +            v - ring of positive energy
HPRegen 1.15/turn    C - ring of protection from fire
MPRegen 0.11/turn

%: no passive effects
@: lethally poisoned (-3 -> -12), on berserk cooldown, slowed, glowing, very
slow
A: large, unfitting armour, claws 3, regeneration 1, shaggy fur 1, tough skin 1
a: Renounce Religion


You were on level 8 of the Dungeon.
You worshipped the Shining One.
The Shining One was noncommittal.
You visited 2 branches of the dungeon, and saw 9 of its levels.

You collected 479 gold pieces.
You spent 182 gold pieces at shops.

Inventory:

Hand Weapons
 a - a +2 dagger of venom
 c - a +1 flail
 m - a +3 giant spiked club
 r - a +0 whip of electrocution (weapon)
 y - the +11 spear "Moonob" {vamp, rC+}
   (You found it on level 6 of the Dungeon)

   rC:        It protects you from cold.
   The Shining One disapproves of the use of such an item.
 z - a +0 flail of draining
Missiles
 q - 11 boomerangs (quivered)
 u - 9 poisoned darts
 E - 2 javelins
Armour
 b - a +0 kite shield
 f - a +0 robe
 H - the +1 robe of Cowardice (worn) {Str+3}
   (You bought it in a shop on level 8 of the Dungeon)

   Str:       It affects your strength (+3).
Jewellery
 v - a ring of positive energy (left claw)
 w - a ring of magical power
 C - a ring of protection from fire (right claw)
Wands
 j - a wand of paralysis (7)
 A - a wand of mindburst (1)
Scrolls
 e - 2 scrolls of teleportation
 h - 2 scrolls of fear {unknown}
 k - 4 scrolls of vulnerability {unknown}
 l - a scroll of blinking {unknown}
 s - 2 scrolls of amnesia {unknown}
 t - a scroll of immolation {unknown}
 D - a scroll of poison {unknown}
 F - a scroll of fog {unknown}
Potions
 d - 4 potions of might
 g - 2 potions of flight
 i - 3 potions of curing
 n - a potion of haste
 o - 2 potions of resistance
 p - a potion of ambrosia
 B - a potion of mutation
 G - a potion of lignification {unknown}


   Skills:
 + Level 7.0 Fighting
 * Level 10.4 Maces & Flails
 - Level 2.4 Dodging
 - Level 2.6 Shields


You had 8 spell levels left.
You didn't know any spells.
Your spell library contained the following spells:

 Spells                   Type           Power      Damage    Failure   Level
 Beastly Appendage        Tmut           0%         N/A       50%         1
 Sandblast                Erth           0%         2d4       50%         1
 Ensorcelled Hibernation  Hex/Ice        0%         N/A       65%         2
 Passwall                 Tmut/Erth      0%         N/A       65%         2
 Wereblood                Tmut           0%         N/A       65%         2
 Spider Form              Tmut/Pois      0%         N/A       86%         3
 Stone Arrow              Conj/Erth      0%         3d7       86%         3
 Swiftness                Air            0%         N/A       86%         3
 Tukima's Dance           Hex            0%         N/A       86%         3
 Vhi's Electric Charge    Tloc/Air       0%         N/A       86%         3
 Anguish                  Hex/Necr       0%         N/A       99%         4
 Cause Fear               Hex            0%         N/A       99%         4
 Passage of Golubria      Tloc           0%         N/A       99%         4
 Arcjolt                  Conj/Air       0%         1d10      100%        5
 Blade Hands              Tmut           0%         N/A       100%        5
 Irradiate                Conj/Tmut      0%         3d11      100%        5
 Yara's Violent Unravell  Hex/Tmut       0%         3d3       100%        5
 Plasma Beam              Fire/Air       0%         2x1d11    100%        6
 Dragon Form              Tmut           0%         N/A       100%        7
 Enfeeble                 Hex            0%         N/A       100%        7
 Dragon's Call            Summ           0%         N/A       100%        9


Dungeon Overview and Level Annotations

Branches:
Dungeon (8/15)             Temple (1/1) D:4
   Lair: D:8-11

Altars:
Ashenzari
Cheibriados
Dithmenos
Elyvilon
Gozag
Hepliaklqana
Kikubaaqudgha
Qazlal
Ru
Sif Muna
Trog
Uskayaw
Vehumet
Wu Jian
Xom
Yredelemnul
The Shining One

Shops:
D:8 [

Annotations:
D:7 2 runed translucent doors
D:8 Erica


Innate Abilities, Weirdness & Mutations

You are too large for most types of armour.
You have claws for hands.
Your natural rate of healing is unusually fast.
You are covered in fur. (AC +1)
You have tough skin. (AC +1)


Message History

Erica is moderately wounded.
You are no longer berserk.
You are exhausted.
You feel yourself slow down.
You feel sick.
You barely miss Erica.
Erica is moderately wounded.
You feel sick.
Erica hits you with a +4 scimitar of flaming.
You hit Erica.
Erica is moderately wounded.
You feel sick. Erica misses you.
You closely miss Erica.
Erica is moderately wounded.
You feel sick. Erica gestures at you while chanting.
The lance of force hits you!!
* * * LOW HITPOINT WARNING * * *
You are knocked back by the lance of force.
You feel sick.
You feel sick.
You feel sick.
You feel sick.
You are no longer poisoned.
Erica hits you with a +4 scimitar of flaming!
* * * LOW HITPOINT WARNING * * *
Things that are here:
a +0 mace; a +0 scale mail; an orc skeleton You hit Erica.
Erica is heavily wounded.
Erica hits you with a +4 scimitar of flaming.
* * * LOW HITPOINT WARNING * * *
Unknown command.
Okay, then.
Unknown command.
You closely miss Erica.
Erica is heavily wounded.
Erica points at you and mumbles some strange words.
The bolt of poison hits you!!
You are poisoned.
You die...

..#........##....##.##
.....................#####
........#................#
.....>..#......#.........#
...............#.........#
....##....)#.).##....[#.##
...###......)(..#.....###
...........)....@.##.##
................@.>###
###.....@......<..##
#.................#
#...............###
..................
.......##..##......
......#.#...##....#
............#....##
##..............##


You could see Erica.

Vanquished Creatures
  Pikel (D:5)
  4 yaks (D:7)
  2 steam dragons
  An orc warrior (D:6)
  An ice beast (D:6)
  2 ogres
  2 phantoms (D:5)
  4 lemures (D:5)
  3 bullfrogs
  A gnoll sergeant (D:6)
  A kobold brigand (D:8)
  2 scorpions
  3 killer bees (D:6)
  2 howler monkeys
  4 hounds
  3 jellies
  4 orc priests
  4 iguanas
  3 orc wizards
  12 gnolls
  4 adders
  3 white imps
  An ufetubus (D:5)
  A worm (D:4)
  2 dart slugs
  23 orcs
  A bat (D:1)
  7 endoplasms
  2 giant cockroaches
  8 goblins
  10 hobgoblins
  10 jackals
  A quokka (D:1)
  6 ball pythons
  4 frilled lizards
  17 kobolds
  4 rats
163 creatures vanquished.

Vanquished Creatures (others)
  A wizard (D:6)
  An orc wizard (D:4)
2 creatures vanquished.

Grand Total: 165 creatures vanquished

Notes
Turn   | Place    | Note
-------+----------+-------------------------------------------
     0 | D:1      | cdecastro the Troll Fighter began the quest for the Orb.
     0 | D:1      | Reached XP level 1. HP: 22/22 MP: 0/0
    47 | D:1      | Reached skill level 2 in Maces & Flails
    86 | D:1      | Reached XP level 2. HP: 23/29 MP: 1/1
   368 | D:1      | Reached XP level 3. HP: 35/36 MP: 2/2
   664 | D:2      | Found a faded altar of an unknown god.
   804 | D:2      | Reached skill level 3 in Maces & Flails
  1275 | D:3      | Found a sacrificial altar of Ru.
  1604 | D:3      | Reached XP level 4. HP: 43/45 MP: 3/3
  2224 | D:4      | Found a staircase to the Ecumenical Temple.
  2235 | Temple   | Entered the Ecumenical Temple
  2505 | D:4      | Reached skill level 4 in Maces & Flails
  2541 | D:4      | Reached XP level 5. HP: 48/53 MP: 4/4
  2785 | D:4      | Reached XP level 6. HP: 54/62 MP: 5/5
  2952 | D:4      | Reached skill level 5 in Maces & Flails
  3361 | D:5      | Entered Level 5 of the Dungeon
  3598 | D:5      | Noticed Pikel
  3738 | D:5      | Found an ancient bone altar of Kikubaaqudgha.
  3913 | D:5      | Noticed an ice beast
  4155 | D:5      | Reached skill level 6 in Maces & Flails
  4155 | D:5      | Reached XP level 7. HP: 31/71 MP: 6/6
  4602 | D:5      | Killed Pikel
  4603 | D:5      | Reached skill level 5 in Fighting
  4603 | D:5      | Reached skill level 7 in Maces & Flails
  4603 | D:5      | Reached XP level 8. HP: 56/80 MP: 7/7
  4782 | D:6      | Found a hazy altar of Hepliaklqana.
  5046 | D:6      | Reached skill level 8 in Maces & Flails
  5198 | D:6      | Found a bloodstained altar of Trog.
  5201 | D:6      | Noticed a wizard
  5206 | D:6      | Killed a wizard
  5357 | D:6      | Found a radiant altar of Vehumet.
  5719 | D:6      | Identified the +11 spear "Moonob" {vamp, rC+}
  6270 | D:7      | Reached skill level 9 in Maces & Flails
  6270 | D:7      | Reached XP level 9. HP: 81/89 MP: 8/8
  6478 | D:7      | Found a large runed translucent door.
  6479 | D:7      | Found a large runed translucent door.
  6485 | D:7      | Found a shimmering altar of Xom.
  7103 | D:8      | Reached skill level 10 in Maces & Flails
  7116 | D:8      | Noticed Erica
  7261 | D:8      | Found a stormy altar of Qazlal.
  7279 | D:8      | Found a glowing golden altar of the Shining One.
  7293 | D:8      | Became a worshipper of the Shining One
  7537 | D:8      | Found Fatit's Antique Armour Boutique.
  7563 | D:8      | Bought a bloodstained robe for 182 gold pieces
  7563 | D:8      | Identified the +1 robe of Cowardice {Str+3} (You bought it
                  | in a shop on level 8 of the Dungeon)
  7726 | D:8      | Killed from afar by Erica

Illustrated notes

Levels and vault maps discovered:
D:1:      heliophobic_arrival_enchanted_forest, layout_basic
D:2:      layout_loops_ring, shapermc_ecumenical_altar_acropolis
D:3:      layout_loops_corners, mainiacjoe_overflow_brackets
D:4:      layout_basic, minmay_temple_entry_statues_pillars,
          kennysheep_decorative_pillar
D:5:      layout_cave_pods, mainiacjoe_overflow_24_doors,
          kennysheep_generic_room_14, uniq_pikel
D:6:      layout_basic, trog_wizard, fiery_altar_vehumet,
          worldfamousw_hep_ancestral_shrine
D:7:      due_chaos_kobolds, layout_basic, hangedman_abyss_or_decor_stabs
D:8:      layout_cave_pools, mainiacjoe_overflow_catwalk, grunt_qazlal_clouds,
          serial_shops, nicolae_shop_tiny_statue_garden,
          minmay_misc_feat_square, uniq_erica
Temple:   jpeg_temple_alley_garden

Skill      XL: |  1  2  3  4  5  6  7  8  9 |
---------------+----------------------------+-----
Maces & Flails | 2 3 4 6 7 9 10 | 10.4
Fighting       | 3 4 5 6 7 |  7.0
Dodging        | |  2.4
Shields        | |  2.6

Action                     |  1- 3 |  4- 6 |  7- 9 || total
---------------------------+-------+-------+-------++-------
  Melee: Unarmed           |    12 |    19 |    18 ||    49
         Dagger            |   138 |   244 |    21 ||   403
         Whip              |       |       |   132 ||   132
         Spear             |       |       |    91 ||    91
         Giant spiked club |       |       |    20 ||    20
  Throw: Dart              |       |       |     2 ||     2
         Boomerang         |       |       |     2 ||     2
    Use: Scroll            |       |     7 |     7 ||    14
         Potion            |       |       |     2 ||     2
 Armour: Robe              |    47 |    42 |    59 ||   148
  Dodge: Dodged            |    52 |   101 |   116 ||   269
  Block: Kite shield       |    59 |    95 |    69 ||   223
